 Dungeon Crawl Stone Soup version 0.31-a0-276-ge00219d475 (webtiles) character file.

Game seed: 17374338734622228858

2636 AdnanSaban the Basher (level 9, -3/56 HPs)
             Began as a Gargoyle Fighter on July 15, 2023.
             Was an Initiate of Okawaru.
             Killed by divine providence
             ... invoked by an orc priest
              (8 damage)
             ... on level 7 of the Dungeon.
             The game lasted 00:15:59 (8147 turns).

AdnanSaban the Basher (Gargoyle Fighter)            Turns: 8147, Time: 00:16:00

Health: -3/56      AC: 22    Str: 29    XL:     9   Next: 61%
Magic:  0/9        EV:  7    Int:  9    God:    Okawaru [......]
Gold:   320        SH:  5    Dex:  9    Spells: 8/8 levels left

rFire   . . .        F - +1 mace (heavy)
rCold   . . .        c - +0 buckler
rNeg    + . .        h - +0 plate armour
rPois   ∞            (no helmet)
rElec   +            o - +1 cloak
rCorr   .            (no gloves)
SInv    .            (no boots)
Will    .....        p - amulet of guardian spirit Stlth
                     D - ring of Axuodit {Wiz Str+5}
HPRegen 0.29/turn    (no ring)
MPRegen 0.11/turn

%: guardian spirit, wizardry (x1)
@: no status effects
A: sickness immunity, AC +6, negative energy resistance 1, electricity
resistance, torment resistance 1, petrification resistance
a: Renounce Religion


You were on level 7 of the Dungeon.
You worshipped Okawaru.
Okawaru was noncommittal.
You visited 2 branches of the dungeon, and saw 8 of its levels.
You also visited: Sewer.

You collected 320 gold pieces.

Inventory:

Hand Weapons
 F - a +1 heavy mace (weapon)
Missiles
 a - 2 throwing nets
Armour
 c - a +0 buckler (worn)
 h - a +0 plate armour (worn)
 o - a +1 cloak (worn)
Jewellery
 b - a ring of magical power
 p - an amulet of guardian spirit (around neck)
 D - the ring of Axuodit (left hand) {Wiz Str+5}
   (You found it on level 6 of the Dungeon)

   [ring of wizardry]

   It improves your spell success rate.
   Str:       It affects your strength (+5).
 I - a ring of ice
Wands
 l - a wand of roots (26)
 t - a wand of charming (15)
 w - a wand of light (8)
 B - a wand of flame (19)
Scrolls
 e - 6 scrolls of fear {unknown}
 f - 12 scrolls of identify {unknown}
 g - 2 scrolls of amnesia {unknown}
 n - 3 scrolls of poison {unknown}
 q - 4 scrolls of teleportation {unknown}
 r - a scroll of blinking
 s - a scroll of butterflies {unknown}
 v - a scroll of noise {unknown}
 x - a scroll of torment {unknown}
 y - 2 scrolls of fog {unknown}
 A - a scroll of enchant armour {unknown}
 C - a scroll of revelation {unknown}
 G - a scroll of enchant weapon {unknown}
Potions
 d - 2 potions of might
 i - 2 potions of curing {unknown}
 j - 3 potions of berserk rage {unknown}
 k - a potion of degeneration {unknown}
 m - 2 potions of attraction {unknown}
 u - a potion of magic {unknown}
 z - a potion of cancellation {unknown}
 E - a potion of heal wounds {unknown}
 H - a potion of haste {unknown}
 J - a potion of enlightenment {unknown}


   Skills:
 + Level 6.4 Fighting
 + Level 8.7 Maces & Flails
 + Level 8.0 Armour
 + Level 0.9 Stealth
 + Level 5.9 Shields


You had 8 spell levels left.
You didn't know any spells.
Your spell library was empty.

Dungeon Overview and Level Annotations

Branches:
Dungeon (7/15)             Temple (1/1) D:7           Sewer (visited)

Altars:
Cheibriados
Dithmenos
Elyvilon
Fedhas
Gozag
Kikubaaqudgha
Makhleb
Nemelex Xobeh
Okawaru
Qazlal
Ru
Sif Muna
Trog
Vehumet
Wu Jian
Xom
Yredelemnul
Zin
The Shining One

Shops:
D:1 [

Annotations:
D:6 1 runed translucent door, hitsuchi's ghost, novice MeEE


Innate Abilities, Weirdness & Mutations

You are immune to sickness and miasma.
Your stone body is resilient. (AC +6)
You are immune to poison.
You resist negative energy. (rN+)
You are resistant to electric shocks. (rElec)
You are resistant to unholy torment.
You are immune to petrification.


Message History

You block the ice beast's attack. The orc barely misses you.
The bullfrog barely misses you.
The ice beast hits you but does no damage.
The orc hits you but does no damage.
The orc priest hits you with a +0 hand axe.
* * * LOW HITPOINT WARNING * * *
Something hits you but does no damage.
You hit the orc priest.
The orc priest is moderately wounded.
The bullfrog hits you but does no damage.
You block the bullfrog's attack. Something hits you but does no damage.
The ice beast barely misses you. The orc priest barely misses you.
The orc closely misses you.
The bullfrog hits you but does no damage.
You closely miss the orc priest.
The orc priest is moderately wounded.
You block the bullfrog's attack.
The orc priest hits you but does no damage.
Something hits you.
* * * LOW HITPOINT WARNING * * *
You block the ice beast's attack. The orc hits you but does no damage.
You block the bullfrog's attack.
The ice beast hits you but does no damage.
The orc hits you but does no damage.
The orc priest hits you with a +0 hand axe.
* * * LOW HITPOINT WARNING * * *
Something hits you but does no damage.
You hit the orc priest.
The orc priest is severely wounded.
You block the bullfrog's attack.
The orc priest hits you but does no damage.
Something hits you but does no damage. The bullfrog barely misses you.
The ice beast hits you but does no damage.
You block the orc's attack.
You hit the orc priest.
The orc priest is almost dead.
The bullfrog hits you but does no damage.
The orc priest invokes the aid of Beogh against you.
Beogh smites you!
You die...

### ##### #...#...##
.........## #########
......o.F.####.......###
....?/o@..#....#####...#
......Y{............##†[
...>.....##########.....
#...#...## ###### ###
#####


You could see an ice beast, a bullfrog, an orc priest and an orc.

Vanquished Creatures
  Sigmund (D:6)
  A steam dragon (D:7)
  3 water moccasins
  2 black bears
  2 ogres
  A centaur (D:6)
  5 bullfrogs
  Blork the orc (D:5)
  2 scorpions (D:5)
  A gnoll sergeant (D:4)
  4 wights (D:6)
  3 hounds
  An orc priest (D:4)
  Crazy Yiuf (D:2)
  2 jellies
  2 sleepcaps (D:6)
  2 iguanas
  4 orc wizards
  Robin (D:4)
  11 gnolls
  10 adders
  3 white imps
  2 ufetubi
  2 worms
  4 dart slugs
  15 orcs
  13 ball pythons
  12 endoplasms
  16 giant cockroaches
  14 goblins
  11 hobgoblins
  14 quokkas
  3 bats
  7 frilled lizards
  9 kobolds
  9 rats
194 creatures vanquished.

Notes
Turn   | Place    | Note
-------+----------+-------------------------------------------
     0 | D:1      | AdnanSaban the Gargoyle Fighter began the quest for the
                  | Orb.
     0 | D:1      | Reached XP level 1. HP: 14/14 MP: 1/1
   287 | D:1      | Reached XP level 2. HP: 16/19 MP: 2/2
   325 | D:1      | Found Feusirre's Armour Shoppe.
   956 | D:2      | Reached XP level 3. HP: 23/23 MP: 3/3
  1144 | D:2      | Reached XP level 4. HP: 29/29 MP: 4/4
  1239 | D:2      | Found a runed translucent door.
  1240 | D:2      | Noticed Crazy Yiuf
  1444 | D:2      | Killed Crazy Yiuf
  1677 | D:3      | Reached XP level 5. HP: 33/33 MP: 5/5
  2072 | D:4      | Found a glowing drain.
  2078 | Sewer    | Entered a sewer
  2551 | Sewer    | Reached XP level 6. HP: 13/38 MP: 6/6
  2875 | D:4      | Reached skill level 5 in Armour
  2880 | D:4      | Noticed Robin
  2889 | D:4      | Killed Robin
  2920 | D:4      | Reached skill level 5 in Maces & Flails
  3262 | D:3      | Reached XP level 7. HP: 43/43 MP: 7/7
  4410 | D:5      | Entered Level 5 of the Dungeon
  4927 | D:5      | Noticed Blork the orc
  4940 | D:5      | Killed Blork the orc
  5228 | D:5      | Reached skill level 5 in Fighting
  5228 | D:5      | Reached XP level 8. HP: 49/49 MP: 8/8
  5978 | D:6      | Reached skill level 5 in Shields
  6537 | D:6      | Noticed Sigmund
  6584 | D:6      | Killed Sigmund
  6585 | D:6      | Reached XP level 9. HP: 24/55 MP: 7/9
  6591 | D:6      | Identified the ring of Axuodit {Wiz Str+5}
  6931 | D:6      | Found a runed translucent door.
  6933 | D:6      | Noticed hitsuchi's ghost (novice MeEE)
  7253 | D:7      | Found a staircase to the Ecumenical Temple.
  7264 | Temple   | Entered the Ecumenical Temple
  7581 | Temple   | Became a worshipper of Warmaster Okawaru
  8147 | D:7      | Killed from afar by an orc priest

Illustrated notes

Levels and vault maps discovered:
D:1:      evilmike_arrival_rings, layout_basic, serial_shops,
          nicolae_shop_waterfront, minmay_misc_feat_pillars
D:2:      layout_basic, minmay_tromino_v7, uniq_crazy_yiuf_cottage
D:3:      layout_basic, dk_noncrumbling_2
D:4:      layout_basic, gup_sewer_entry_bubbles, lightli_minifort, uniq_robin
D:5:      layout_loops_corners, uniq_blork_the_orc
D:6:      layout_basic, ebering_ghost_reflecting_pool, nicolae_letterblocks
          [nicolae_letter_subblock, nicolae_letter_subblock,
          nicolae_letter_subblock, nicolae_letter_subblock,
          nicolae_letter_subblock, nicolae_letter_subblock,
          nicolae_letter_subblock, nicolae_letter_subblock,
          nicolae_letter_subblock, nicolae_letter_subblock,
          nicolae_letter_subblock, nicolae_letter_subblock,
          nicolae_letter_subblock, nicolae_letter_subblock,
          nicolae_letter_subblock, nicolae_letter_subblock,
          nicolae_letter_subblock, nicolae_letter_subblock,
          nicolae_letter_subblock, nicolae_letter_subblock,
          nicolae_letter_subblock, nicolae_letter_subblock,
          nicolae_letter_subblock, nicolae_letter_subblock,
          nicolae_letter_subblock], uniq_sigmund
D:7:      layout_rooms, minmay_temple_entry_large_hall
Temple:   mainiacjoe_temple_big_plus

Skill      XL: |  1  2  3  4  5  6  7  8  9 |
---------------+----------------------------+-----
Maces & Flails | 3 4 5 6 7 8 |  8.7
Armour         | 4 5 7 8 |  8.0
Shields        | 4 5 |  5.9
Fighting       | 4 5 6 |  6.4
Stealth        | |  0.9

Action                     |  1- 3 |  4- 6 |  7- 9 || total
---------------------------+-------+-------+-------++-------
  Melee: Flail             |   109 |   360 |   338 ||   807
         Mace              |       |       |    53 ||    53
 Armour: Scale mail        |    19 |       |       ||    19
         Plate armour      |   103 |   414 |   445 ||   962
  Dodge: Dodged            |    51 |   155 |   136 ||   342
  Block: Buckler           |    35 |   117 |   110 ||   262

Table legend: (Time is in decaauts)
 A = Elapsed time spent in this place.
 B = Non-inter-level travel time spent in this place.
 C = Inter-level travel time spent in this place.
 D = Time resting spent in this place.
 E = Time spent auto-exploring this place.
 F = Levels seen in this place.
 G = Mean time per level.
                   A        B        C        D        E       F      G
               +--------+--------+--------+--------+--------+-----+--------+
         Total |   8425 |   8065 |    360 |    219 |   6011 |   9 |  936.1 |
       Dungeon |   7320 |   7004 |    316 |     40 |   5494 |   7 | 1045.7 |
        Temple |    355 |    311 |     44 |      0 |    304 |   1 |  355.0 |
         Sewer |    749 |    749 |      0 |    179 |    212 |   1 |  749.0 |
               +--------+--------+--------+--------+--------+-----+--------+

Top non-repeatable levels by time:
     D:4: 1919 daAuts
     D:6: 1216 daAuts
     D:5: 1181 daAuts
     D:1: 947 daAuts
     D:3: 789 daAuts
   Sewer: 749 daAuts
     D:7: 648 daAuts
     D:2: 617 daAuts
  Temple: 355 daAuts
